AoeStats
← KUBU NITO

Migration

506462393Analyzed
1v1 RM · 19d ago on Sep 13, 2026· 28m 26s· 2 players
Game mode
Random Map
Map size
132×132
Population
200
Speed
Normal
Resources
Standard
Victory
Conquest
Starting age
Dark Age
Ending age
Imperial Age
RankedLock teamsTeams togetherTeam positionsShared explorationLock speedFull tech treeHidden civsTurbo modeCheats
Victory
Defeat
🇧🇷 Portuguese · Brazil
892
+17
🇲🇽 Inca · Mexico
917
-17
KUBU NITO
0:38 Loom
11:50 Feudal Age
15:27 Double-Bit Axe
16:14 Man-at-Arms
19:48 Fishing Lines
22:37 Wheelbarrow
23:18 Town Watch
24:52 Forging
24:43 Scale Mail Armor
28:53 Castle Age
26:46 Fletching
28:12 Padded Archer Armor
queenatico
10:07 Feudal Age
11:20 Fishing Lines
12:35 Double-Bit Axe
15:21 Wheelbarrow
14:26 Champi Runner
15:10 Gold Mining
Connection lost

Rejoining the realm…

Still unreachable

The connection could not be restored.

Session expired

The server has moved on; the page needs a fresh start.